 Dungeon Crawl Stone Soup version 0.28-a0-69-g49dcd67cf8 (webtiles) character file.

Game seed: 9418530313293839608

491 KristoblXynda the Ruffian (level 6, -5/93 HPs)
             Began as a Troll Berserker on July 31, 2021.
             Was a Priest of Trog.
             Killed by divine providence
             ... invoked by an orc priest
              (15 damage)
             ... on level 4 of the Dungeon.
             The game lasted 00:03:13 (2543 turns).

KristoblXynda the Ruffian (Troll Berserker)         Turns: 2543, Time: 00:03:14

Health: -5/93      AC:  4    Str: 32    XL:     6   Next: 91%
Magic:  5/5        EV: 10    Int:  5    God:    Trog [***...]
Gold:   116        SH:  0    Dex:  9    Spells: 5/5 levels left

rFire   . . .      SeeInvis .     - Unarmed
rCold   . . .      Faith    .   (no shield)
rNeg    + . .      Spirit   .   a - +0 animal skin
rPois   .          Reflect  .   (helmet restricted)
rElec   .          Harm     .   (no cloak)
rCorr   .          Rampage  .   (gloves unavailable)
Will    .....                   (boots unavailable)
Stlth   ..........              g - amulet of the acrobat
HPRegen 1.25/turn               k - +6 ring of strength
MPRegen 0.09/turn               l - ring of positive energy

@: berserking (expiring), very quick
A: large, unfitting armour, claws 3, regeneration 1, shaggy fur 1, tough skin 1
a: Renounce Religion, Berserk, Trog's Hand


You were on level 4 of the Dungeon.
You worshipped Trog.
Trog was most pleased with you.
You visited 1 branch of the dungeon, and saw 4 of its levels.

You collected 116 gold pieces.

Inventory:

Missiles
 i - 2 throwing nets (quivered)
Armour
 a - a +0 animal skin (worn)
Jewellery
 g - an amulet of the acrobat (around neck)
 k - a +6 ring of strength (left claw)
 l - a ring of positive energy (right claw)
Scrolls
 b - a scroll of silence {unknown}
 d - a scroll of blinking {unknown}
 e - 2 scrolls of enchant weapon {unknown}
 f - a scroll of magic mapping {unknown}
 j - a scroll of identify {unknown}
 p - a scroll of fog {unknown}
 r - a scroll of teleportation {unknown}
Potions
 c - a potion of attraction {unknown}
 h - a potion of curing {unknown}
 m - a potion of brilliance {unknown}
 n - a potion of cancellation {unknown}
 o - a potion of heal wounds {unknown}
 q - a potion of lignification {unknown}


   Skills:
 + Level 3.9 Fighting
 + Level 2.4 Armour
 + Level 4.0 Dodging
 + Level 4.7 Unarmed Combat


You had 5 spell levels left.
You didn't know any spells.
Your spell library contained the following spells:

 Spells                   Type           Power      Damage    Failure   Level
 Slow                     Hex            0%         N/A       63%         2
 Confusing Touch          Hex            0%         N/A       85%         3
 Yara's Violent Unravell  Hex/Tmut       0%         3d3       100%        5


Dungeon Overview and Level Annotations

Branches:
Dungeon (4/15)
 Temple: D:4-7

Altars:
Cheibriados
Kikubaaqudgha
Makhleb
Nemelex Xobeh
Okawaru
Ru
Trog
The Shining One

Shops:
D:2 !


Innate Abilities, Weirdness & Mutations

You are too large for most types of armour.
You have claws for hands.
Your natural rate of healing is unusually fast.
You are covered in fur. (AC +1)
You have tough skin. (AC +1)


Message History

Beogh smites you!
The orc priest calls down the wrath of Beogh upon you.
Beogh smites you!
You miss the hound.
The hound is lightly wounded.
The hound bites you but does no damage.
You closely miss the hound.
The hound is lightly wounded.
The hound bites you but does no damage.
You miss the hound.
The hound is lightly wounded.
The hound closely misses you.
You scratch the hound.
The hound is heavily wounded.
You claw the hound!
You kill the hound!
Trog accepts your kill.
A magic dart appears from out of thin air!
The magic dart hits you!
* * * LOW HITPOINT WARNING * * *
Your Dodging skill increases to level 4!
Something hits you.
* * * LOW HITPOINT WARNING * * *
You claw something! You miss something. Something hits you.
* * * LOW HITPOINT WARNING * * *
The orc priest mumbles some strange prayers to Beogh against you.
Beogh smites you!
* * * LOW HITPOINT WARNING * * *
You closely miss something. Something hits you.
* * * LOW HITPOINT WARNING * * *
You miss something. You claw something! Trog accepts your kill.
Trog appreciates your killing of a magic user.
Reactivating autopickup.
You feel a bit more experienced.
The orc priest invokes the aid of Beogh against you.
Beogh smites you!
You die...

#........########........#
#####....................#
#........###....)........#
#......### #.............#
#......# #.####........#
#......# #.# #........#
#......# #.# ##########
##.(....#####)#######...
.............<.@oJ.o....
.........##########o.....
.........# ##...
....###### . ... ..


You could see 2 orc priests, an orc and an endoplasm.

Vanquished Creatures
  An ogre (D:3)
  A scorpion (D:4)
  2 hounds (D:4)
  Natasha (thrice) (D:3)
  3 orc wizards
  8 gnolls
  3 adders
  A worm (D:4)
  5 orcs
  4 bats
  8 endoplasms
  3 giant cockroaches
  6 goblins
  3 hobgoblins
  6 jackals
  5 kobolds
  5 ball pythons
  6 frilled lizards
  5 rats
78 creatures vanquished.

Notes
Turn   | Place    | Note
-------+----------+-------------------------------------------
     0 | D:1      | KristoblXynda the Troll Berserker began the quest for the
                  | Orb.
     0 | D:1      | Reached XP level 1. HP: 22/22 MP: 0/0
   179 | D:1      | Reached XP level 2. HP: 29/29 MP: 1/1
   275 | D:1      | Found a faded altar of an unknown god.
   798 | D:2      | Found a sparkling altar of Nemelex Xobeh.
  1014 | D:2      | Found Diefuuqa's Distillery.
  1020 | D:2      | Reached XP level 3. HP: 36/36 MP: 2/2
  1052 | D:2      | Reached ** piety under Trog
  1053 | D:2      | Reached XP level 4. HP: 35/45 MP: 3/3
  1449 | D:3      | Noticed Natasha
  1461 | D:3      | Killed Natasha
  1462 | D:3      | Reached skill level 1 in Armour
  1624 | D:3      | Noticed Natasha
  1631 | D:3      | Killed Natasha
  1632 | D:3      | Reached XP level 5. HP: 48/53 MP: 4/4
  1802 | D:3      | Noticed Natasha
  1810 | D:3      | Killed Natasha
  1831 | D:3      | Found an ancient bone altar of Kikubaaqudgha.
  2095 | D:3      | Noticed an ogre
  2101 | D:3      | Killed an ogre
  2102 | D:3      | Reached XP level 6. HP: 42/61 MP: 5/5
  2131 | D:3      | Found a sacrificial altar of Ru.
  2175 | D:3      | Found an iron altar of Okawaru.
  2358 | D:4      | Found a bloodstained altar of Trog.
  2358 | D:4      | Found a snail-covered altar of Cheibriados.
  2380 | D:3      | Found a burning altar of Makhleb.
  2380 | D:3      | Found a glowing golden altar of the Shining One.
  2447 | D:4      | Reached *** piety under Trog
  2543 | D:4      | Killed from afar by an orc priest

Illustrated notes

Levels and vault maps discovered:
D:1:      kennysheep_arrival_forest, layout_basic,
          ebering_ecumenical_altar_abandoned
D:2:      layout_rooms, basic_altar, serial_shops, shop
D:3:      layout_loops_ring, nicolae_overflow_hidden_temple,
          mainiacjoe_overflow_two_lobes, chequers_serial_rivers_room_a,
          grunt_decor_resistance, uniq_natasha
D:4:      layout_basic, gammafunk_temple_overflow_elements,
          ebering_ghost_reflecting_pool, minmay_misc_feat_ornament, uniq_edmund

Skill      XL: |  1  2  3  4  5  6 |
---------------+-------------------+-----
Fighting       | 3 |  3.9
Dodging        | 3 4 |  4.0
Armour         | 1 2 |  2.4
Unarmed Combat | 4 |  4.7

Action                   |  1- 3 |  4- 6 || total
-------------------------+-------+-------++-------
Melee: Unarmed           |    71 |   129 ||   200
       Punch             |       |     3 ||     3
Invok: Berserk           |     1 |     1 ||     2
 Stab: Sleeping          |       |     1 ||     1
Armor: Animal skin       |    24 |    26 ||    50
Dodge: Dodged            |    49 |    45 ||    94

Table legend: (Time is in decaauts)
 A = Elapsed time spent in this place.
 B = Non-inter-level travel time spent in this place.
 C = Inter-level travel time spent in this place.
 D = Time resting spent in this place.
 E = Time spent auto-exploring this place.
 F = Levels seen in this place.
 G = Mean time per level.
                   A        B        C        D        E       F      G
               +--------+--------+--------+--------+--------+-----+--------+
         Total |   2531 |   2428 |    103 |     35 |   1953 |   4 |  632.8 |
       Dungeon |   2531 |   2428 |    103 |     35 |   1953 |   4 |  632.8 |
               +--------+--------+--------+--------+--------+-----+--------+

Top non-repeatable levels by time:
     D:3: 915 daAuts
     D:1: 796 daAuts
     D:2: 530 daAuts
     D:4: 290 daAuts
